 Dungeon Crawl Stone Soup version 0.22-a0-373-gab1296c (webtiles) character file.

3160 Kidiri the Insei (level 9, -6/90 HPs)
             Began as a Green Draconian Transmuter on Apr 24, 2018.
             Was a Believer of Wu Jian.
             Mangled by a two-headed ogre
             ... wielding a +0 giant spiked club
              (10 damage)
             ... on level 8 of the Dungeon on Apr 25, 2018.
             The game lasted 00:25:51 (9737 turns).

Kidiri the Insei (Green Draconian Transmuter)       Turns: 9737, Time: 00:25:52

Health: -6/90      AC:  5    Str: 15    XL:     9   Next: 62%
Magic:  8/13       EV: 11    Int: 14    God:    Wu Jian [**....]
Gold:   238        SH:  0    Dex: 14    Spells: 3/18 levels left

rFire    x . .     SeeInvis .     - Unarmed
rCold    + + +     Gourm    .   (shield currently unavailable)
rNeg     . . .     Faith    .   (armour unavailable)
rPois    +         Spirit   .   (helmet currently unavailable)
rElec    .         Reflect  .   (cloak currently unavailable)
rCorr    .         Harm     .   (gloves currently unavailable)
MR       .....                  (boots currently unavailable)
Stlth    +++.......             i - amulet of the acrobat
HPRegen  0.25/turn              (no ring)
MPRegen  0.13/turn              (no ring)

@: ice-form, very slightly contaminated, drained
A: large, (breathe noxious fumes), unfitting armour, low mp 2, strong 1, AC +7
a: End Transformation, Wall Jump, Renounce Religion


You were on level 8 of the Dungeon.
You worshipped Wu Jian.
Wu Jian was pleased with you.
You were hungry.
You were a creature of crystalline ice.
You visited 2 branches of the dungeon, and saw 9 of its levels.
You also visited: Sewer.

You collected 413 gold pieces.
You spent 175 gold pieces at shops.

Inventory:

Missiles
 a - 36 arrows
 b - 304 stones (quivered)
Armour
 p - a +1 cloak (melded)
 v - a +0 pair of gloves (melded)
 x - a +1 pair of boots (melded)
Jewellery
 i - an amulet of the acrobat (around neck)
 m - an uncursed ring of fire
Wands
 g - a wand of polymorph (11)
 s - a wand of enslavement (10)
Scrolls
 d - 2 scrolls of amnesia
 f - 3 scrolls of teleportation
 h - 3 scrolls of remove curse
 n - a scroll of fear
 r - a scroll of blinking
 w - a scroll of fog
Potions
 j - 2 potions of resistance
 k - a potion of flight
 l - a potion of ambrosia
 o - a potion of haste
 q - a potion of curing
 u - a potion of lignification {unknown}
 z - a potion of might {unknown}
Comestibles
 c - 14 rations
 t - 5 chunks of flesh


   Skills:
 * Level 5.6(5.0) Fighting
 + Level 3.4(2.8) Throwing
 + Level 3.8(3.2) Dodging
 * Level 5.0(4.4) Stealth
 * Level 5.9(5.3) Unarmed Combat
 * Level 5.1(4.5) Spellcasting
 * Level 4.8(4.1) Transmutations
 + Level 2.8(2.3) Ice Magic
 + Level 4.1(3.5) Poison Magic


You had 3 spell levels left.
You knew the following spells:

 Your Spells              Type           Power        Failure   Level  Hunger
a - Beastly Appendage     Tmut           ##....       3%          1    None
b - Sticks to Snakes      Tmut           ##......     4%          2    ##.....
c - Spider Form           Tmut/Pois      ##........   11%         3    ###....
d - Ice Form              Ice/Tmut       ##......     43%         4    ####...
e - Blade Hands           Tmut           ##........   67%         5    ######.


Dungeon Overview and Level Annotations

Branches:
Dungeon (8/15)             Temple (1/1) D:5
   Lair: D:8-11

Altars:
Ashenzari
Cheibriados
Dithmenos
Elyvilon
Fedhas
Gozag
Hepliaklqana
Kikubaaqudgha
Makhleb
Nemelex Xobeh
Okawaru
Qazlal
Ru
Sif Muna
Trog
Uskayaw
Vehumet
Wu Jian
Xom
Yredelemnul
Zin

Shops:
D:4 *   D:6 [


Innate Abilities, Weirdness & Mutations

((You can breathe blasts of noxious fumes.))
((Your lurid green scales are hard. (AC +7)))
You cannot fit into any form of body armour.
((Your system is resistant to poisons. (rPois)))
((You are cold-blooded and may be slowed by cold attacks.))
Your magical capacity is very low. (-20% MP)
Your muscles are strong. (Str +2)


Message History

The Council accepts your kill. The wight closely misses you.
You lunge at the two-headed ogre.
You punch the two-headed ogre! You freeze the two-headed ogre.
The two-headed ogre is moderately wounded.
The two-headed ogre hits you with a giant spiked club!
The two-headed ogre hits you with a dire flail!
* * * LOW HITPOINT WARNING * * *
The wight barely misses you.
Items here: $ ))) ?? [[[ The wight hits you from afar with a trident!
* * * LOW HITPOINT WARNING * * *
There is a stone staircase leading down here.
The wight throws a stone.
The stone completely misses you.
You see here a stone.
The wight closely misses you.
The two-headed ogre hits you with a giant spiked club!
* * * LOW HITPOINT WARNING * * *
The two-headed ogre hits you with a dire flail!
You die...

###... ###......
#........ #........
#........
####........ # ####
#(z)z......# #
...######§##......##
# ##...##.OY##......#
#
#....##÷§§§.........
#
##.##...(.###......#.
# #..#...####
#......# # #.#..#.#
#####...# # #.#..>.#
.#.. #######.#.####
)..[.##...#
..##......#


You could see a two-headed ogre and a wight.

Vanquished Creatures
  Prince Ribbit (D:6)
  Grinder (D:6)
  A spriggan (D:7)
  Eustachio (D:6)
  A hungry ghost (D:6)
  2 water moccasins
  2 phantoms
  2 ogres (D:5)
  A sky beast (D:7)
  A centaur (D:8)
  A crocodile (Sewer)
  Blork the orc (D:6)
  2 bullfrogs
  2 scorpions
  3 wights (D:8)
  2 howler monkeys
  4 crimson imps
  A bullfrog zombie (D:5)
  A centaur zombie (D:8)
  3 hounds
  Crazy Yiuf (D:2)
  4 orc priests
  2 iguanas
  Ijyb (D:3)
  4 orc wizards (D:4)
  5 worker ants
  A hound skeleton (D:4)
  3 worker ant zombies
  A howler monkey zombie (D:8)
  A howler monkey skeleton (D:6)
  4 gnolls (D:5)
  6 adders
  A shadow imp (D:6)
  2 oozes (D:2)
  4 adder skeletons
  2 adder zombies
  2 worms (D:2)
  3 dart slugs
  5 leopard geckos
  22 orcs
  11 giant cockroaches
  7 goblins
  8 hobgoblins
  6 jackals
  6 kobolds
  5 quokkas
  4 ball pythons
  12 bats
  6 frilled lizards
  A jackal skeleton (D:6)
  A leopard gecko skeleton (D:4)
  A quokka skeleton (D:5)
  9 rats
184 creatures vanquished.

Vanquished Creatures (others)
  Jessica (D:3)
  A leopard gecko (D:8)
  A quokka (D:2)
3 creatures vanquished.

Grand Total: 187 creatures vanquished

Notes
Turn   | Place    | Note
-------+----------+-------------------------------------------
     0 | D:1      | Kidiri the Draconian Transmuter began the quest for the Orb.
     0 | D:1      | Reached XP level 1. HP: 16/16 MP: 3/3
   448 | D:1      | Reached XP level 2. HP: 22/23 MP: 3/5
   678 | D:1      | Reached skill level 1 in Stealth
   907 | D:2      | Learned a level 2 spell: Sticks to Snakes
  1158 | D:2      | Reached skill level 1 in Throwing
  1172 | D:2      | Upgraded the game from 0.22-a0-369-gc73351f to 0.22-a0-373-gab1296c
  1177 | D:2      | Reached XP level 3. HP: 28/28 MP: 4/6
  1366 | D:2      | Found a basalt altar of Yredelemnul.
  1397 | D:2      | Found a sacrificial altar of Ru.
  1465 | D:2      | Learned a level 3 spell: Spider Form
  1815 | D:2      | Found a runed door.
  2000 | D:2      | Reached XP level 4. HP: 35/36 MP: 3/7
  2003 | D:2      | Found a white marble altar of Elyvilon.
  2093 | D:2      | Noticed Crazy Yiuf
  2219 | D:2      | Gained mutation: You are agile. (Dex +2) [potion of mutation]
  2219 | D:2      | Gained mutation: You have sharp toenails. [potion of mutation]
  2220 | D:2      | Killed Crazy Yiuf
  2476 | D:3      | Killed Jessica
  2681 | D:3      | Found a sparkling altar of Nemelex Xobeh.
  2716 | D:3      | Reached XP level 5. HP: 39/41 MP: 0/8
  2835 | D:3      | Found a shimmering altar of Xom.
  2979 | D:3      | Found a stormy altar of Qazlal.
  3025 | D:3      | Found a deep blue altar of Sif Muna.
  3143 | D:3      | Noticed Ijyb
  3158 | D:3      | Killed Ijyb
  3463 | D:4      | Reached skill level 1 in Poison Magic
  3638 | D:4      | Reached XP level 6. HP: 35/50 MP: 6/10
  3643 | D:4      | Lost mutation: You have sharp toenails. [potion of mutation]
  3643 | D:4      | Lost mutation: You are agile. (Dex +2) [potion of mutation]
  3643 | D:4      | Gained mutation: Your muscles are strong. (Str +2) [potion of mutation]
  3643 | D:4      | Gained mutation: Your magical capacity is low. (-10% MP) [potion of mutation]
  3643 | D:4      | Gained mutation: You are robust. (+10% HP) [potion of mutation]
  3658 | D:4      | Lost mutation: You are robust. (+10% HP) [potion of mutation]
  3658 | D:4      | Lost mutation: Your muscles are strong. (Str +2) [potion of mutation]
  3658 | D:4      | Gained mutation: Your magical capacity is very low. (-20% MP) [potion of mutation]
  3658 | D:4      | Gained mutation: Your muscles are strong. (Str +2) [potion of mutation]
  3964 | D:4      | Learned a level 4 spell: Ice Form
  4301 | D:4      | Found Kupaoky's Serpentskin Sales.
  4301 | D:4      | Noticed a water moccasin
  4306 | D:4      | Noticed a water moccasin
  4321 | D:5      | Entered Level 5 of the Dungeon
  4541 | D:5      | Found a staircase to the Ecumenical Temple.
  4546 | D:5      | Found a hazy altar of Hepliaklqana.
  4552 | Temple   | Entered the Ecumenical Temple
  4795 | Temple   | Became a worshipper of the Wu Jian Council
  4927 | D:5      | Found a glowing drain.
  4931 | Sewer    | Entered a sewer
  5009 | Sewer    | Your scales start taking on a lurid green colour.
  5009 | Sewer    | Reached XP level 7. HP: 43/57 MP: 3/9
  5009 | Sewer    | Gained mutation: Your system is resistant to poisons. (rPois) [Green Draconian growth]
  5530 | D:5      | Reached skill level 1 in Ice Magic
  6357 | D:5      | Reached * piety under Wu Jian
  6718 | D:4      | Reached XP level 8. HP: 64/66 MP: 8/10
  7338 | D:3      | Learned a level 5 spell: Blade Hands
  7532 | D:4      | Reached skill level 5 in Unarmed Combat
  7764 | D:6      | Found a blossoming altar of Fedhas.
  7792 | D:6      | Noticed Eustachio
  7805 | D:6      | Killed Eustachio
  7945 | D:6      | Noticed Blork the orc
  7956 | D:6      | Killed Blork the orc
  7995 | D:6      | Noticed Grinder
  8018 | D:6      | Noticed Prince Ribbit
  8103 | D:6      | Killed Prince Ribbit
  8103 | D:6      | Reached skill level 5 in Fighting
  8103 | D:6      | Reached XP level 9. HP: 38/74 MP: 8/12
  8466 | D:6      | Found Wiah's Armour Shop.
  8480 | D:6      | Bought a +0 pair of gloves for 49 gold pieces
  8480 | D:6      | Bought a +1 pair of boots for 126 gold pieces
  8654 | D:6      | Killed Grinder
  9085 | D:7      | Reached skill level 5 in Spellcasting
  9193 | D:7      | Reached ** piety under Wu Jian
  9258 | D:7      | Found a burning altar of Makhleb.
  9564 | D:8      | Found a shattered altar of Ashenzari.
  9720 | D:8      | Noticed a two-headed ogre
  9722 | D:8      | Reached skill level 5 in Stealth
  9737 | D:8      | HP: 4/90 [two-headed ogre/giant spiked club (16)]
  9737 | D:8      | Mangled by a two-headed ogre

Vault maps used:
D:1:      minmay_arrival_shattered_statue
D:2:      elyvilon_altar_4, lemuel_crystal_altar, lemuel_coloured_pillars_altar,
          first_ration, corexii_item_surrounded_by_moat,
          uniq_crazy_yiuf_cottage, uniq_jessica
D:3:      lemuel_round_altar, nicolae_qazlal_eye_of_the_storm,
          brannock_xom_greatest_gift, lemuel_round_altar, uniq_ijyb
D:4:      minmay_misc_feat_more_columns, guppyfry_shop_venom
D:5:      overflow_temple_1_default, minmay_temple_entry_junction,
          portal_sewer_entry_e, minmay_misc_feat_tower
D:6:      lemuel_round_altar, serial_shops, nicolae_shop_crystal,
          uniq_eustachio, uniq_grinder, uniq_prince_ribbit1, uniq_blork_the_orc
D:7:      nicolae_overflow_hidden_temple, the_bakery
D:8:      lemuel_round_altar, nicolae_ashenzari_panopticon
Temple:   minmay_temple_curvy_loop
Sewer:    sewer_big_baddie

Skill      XL: |  1  2  3  4  5  6  7  8  9 |
---------------+----------------------------+-----
Stealth        | 1 2 3 4 5 |  5.0
Throwing       | 1 2 3 |  3.4
Dodging        | 2 3 |  3.8
Fighting       | 2 3 5 |  5.6
Poison Magic   | 1 2 3 4 |  4.1
Unarmed Combat | 4 5 |  5.9
Spellcasting   | 3 4 5 |  5.1
Ice Magic      | 1 2 |  2.8
Transmutations | 3 4 |  4.8

Action                   |  1- 3 |  4- 6 |  7- 9 || total
-------------------------+-------+-------+-------++-------
Melee: Unarmed           |   179 |   196 |   391 ||   766
       Kick              |     5 |    17 |       ||    22
       Tailslap          |    11 |    15 |    25 ||    51
       Headbutt          |     3 |     5 |       ||     8
       Punch             |       |       |     6 ||     6
Throw: Stone             |     3 |       |     1 ||     4
 Cast: Beastly Appendage |     8 |     3 |     1 ||    12
       Spider Form       |     3 |    13 |    23 ||    39
       Ice Form          |       |       |     4 ||     4
Invok: Lunge             |       |     3 |    29 ||    32
       Whirlwind         |       |       |     4 ||     4
       Wall Jump         |       |       |     3 ||     3
 Abil: Breathe Noxious F |       |       |     3 ||     3
  Use: Scroll            |     4 |     5 |     9 ||    18
       Potion            |       |     6 |     1 ||     7
 Stab: Sleeping          |     1 |     5 |     8 ||    14
  Eat: Chunk             |     4 |     7 |    12 ||    23
       Ration            |       |     2 |     2 ||     4
Armor: Skin              |    69 |    51 |    83 ||   203
Dodge: Dodged            |   138 |   146 |   337 ||   621

Table legend:
 A = Spawn XP
 B = Non-spawn XP
 C = Spawn XP percentage of total XP
 D = Spawn monster count
 E = Non-spawn monster count
 F = Spawn count percentage of total count
 G = Total turns spent on level
                    A         B        C        D         E        F      G
               +---------+---------+-------+---------+---------+-------+---------
         Total |       0 |    4515 |   0.0 |       0 |     184 |   0.0 |  9737
               +---------+---------+-------+---------+---------+-------+---------
           D:1 |       0 |      28 |   0.0 |       0 |      18 |   0.0 |   902
           D:2 |       0 |     113 |   0.0 |       0 |      26 |   0.0 |  1593
           D:3 |       0 |     287 |   0.0 |       0 |      28 |   0.0 |  1385
           D:4 |       0 |     842 |   0.0 |       0 |      40 |   0.0 |  1402
           D:5 |       0 |     652 |   0.0 |       0 |      24 |   0.0 |  2059
           D:6 |       0 |    1266 |   0.0 |       0 |      13 |   0.0 |   979
           D:7 |       0 |     557 |   0.0 |       0 |      11 |   0.0 |   638
           D:8 |       0 |     660 |   0.0 |       0 |      18 |   0.0 |   328
         Sewer |       0 |     110 |   0.0 |       0 |       6 |   0.0 |   173
               +---------+---------+-------+---------+---------+-------+---------
